 Dungeon Crawl Stone Soup version 0.30-a0-920-g7493c07aab (webtiles) character file.

Game seed: 6879498471560939750

7985 Flugkiller the Fighter (level 11, -9/82 (89) HPs)
             Began as a Formicid Reaver on Mar 21, 2023.
             Was an Initiate of Gozag.
             Mangled by a two-headed ogre
             ... wielding a +0 giant club
              (20 damage)
             ... on level 9 of the Dungeon.
             The game lasted 00:11:16 (9353 turns).

Flugkiller the Fighter (Formicid Reaver)            Turns: 9353, Time: 00:11:17

HP:   -9/82 (89)    AC: 10    Str: 19    XL:     11   Next: 47%
MP:   17/17         EV: 11    Int: 15    God:    Gozag
Gold: 845           SH:  5    Dex: 12    Spells: 15/18 levels left

rFire   . . .      SeeInvis +    g - +2 hand axe (elec)
rCold   + . .      Faith    .    n - +0 buckler "Tarch" {rC+ Slay+3}
rNeg    . . .      Spirit   .    y - +0 ring mail
rPois   +          Reflect  .    (helmet unavailable)
rElec   .          Rampage  .    u - +0 cloak
rCorr   .          Clarity  +    r - +1 pair of gloves
Will    +....                    (no boots)
Stlth   +                        (no amulet)
HPRegen 1.13/turn                x - ring of flight
MPRegen 0.15/turn                o - ring of poison resistance

@: flying, drained
A: permanent stasis, dig shafts and tunnels, antennae 3, four strong arms,
clarity, regeneration 1
a: Dig, Shaft Self, Renounce Religion, Potion Petition, Call Merchant, Bribe
Branch


You were on level 9 of the Dungeon.
You worshipped Gozag.
Gozag was pleased with you.
You visited 1 branch of the dungeon, and saw 9 of its levels.

You collected 1382 gold pieces.
You paid 537 gold pieces to Gozag.

Inventory:

Hand Weapons
 e - a +2 hand axe of draining
   (You found it on level 1 of the Dungeon)
 f - a +0 battleaxe
   (You took it off an orc warrior on level 9 of the Dungeon)
 g - a +2 hand axe of electrocution (weapon)
   (You found it on level 1 of the Dungeon)
Missiles
 l - 6 throwing nets
Armour
 i - a +0 plate armour
   (You found it on level 2 of the Dungeon)
 n - the +0 buckler "Tarch" (worn) {rC+ Slay+3}
   (You found it on level 3 of the Dungeon)

   Slay:      It affects your accuracy & damage with ranged weapons and melee
   (+3).
   rC:        It protects you from cold.
 r - a +1 pair of gloves (worn)
   (You found it on level 9 of the Dungeon)
 u - a +0 cloak (worn)
   (You found it on level 4 of the Dungeon)
 y - a +0 ring mail (worn)
   (You found it on level 5 of the Dungeon)
Jewellery
 m - a ring of willpower
   (You found it on level 3 of the Dungeon)
 o - a ring of poison resistance (right hand)
   (You found it on level 7 of the Dungeon)
 x - a ring of flight (left hand)
   (You found it on level 6 of the Dungeon)
Wands
 t - a wand of iceblast (2)
   (You found it on level 7 of the Dungeon)
Scrolls
 a - a scroll of fear
 b - a scroll of vulnerability
 c - a scroll of immolation
 k - a scroll of acquirement {unknown}
Potions
 d - 3 potions of attraction
 h - a potion of magic
 j - a potion of mutation
 p - 3 potions of flight
 q - 5 potions of curing
 s - a potion of cancellation {unknown}
 v - a potion of might {unknown}


   Skills:
 + Level 9.6 Fighting
 - Level 8.0 Axes
 - Level 8.0 Armour
 - Level 1.7 Dodging
 - Level 5.0 Shields
 - Level 4.0 Spellcasting
 - Level 6.0 Conjurations
 - Level 4.0 Translocations
 - Level 6.0 Evocations


You had 15 spell levels left.
You knew the following spells:

 Your Spells              Type           Power      Damage    Failure   Level
a - Kiss of Death         Conj/Necr      48%        2d9       10%         1
b - Momentum Strike       Conj/Tloc      36%        3d9       7%          2

Your spell library contained the following spells:

 Spells                   Type           Power      Damage    Failure   Level
 Lesser Beckoning         Tloc           30%        N/A       10%         2
 Hailstorm                Conj/Ice       12%        3d5       30%         3
 Necrotise                Necr           12%        1d4       34%         1
 Summon Small Mammal      Summ           12%        N/A       34%         1
 Scorch                   Fire           6%         2d5       45%         2
 Manifold Assault         Tloc           15%        N/A       54%         4
 Flame Wave               Conj/Fire      12%        2d6       69%         4
 Call Canine Familiar     Summ           3%         N/A       71%         3
 Summon Guardian Golem    Hex/Summ       3%         N/A       71%         3
 Vampiric Draining        Necr           3%         2d6       71%         3
 Airstrike                Air            1%         2d(1-17)  98%         4
 Summon Lightning Spire   Summ/Air       3%         N/A       98%         4
 Agony                    Necr           3%         N/A       100%        5
 Plasma Beam              Fire/Air       1%         2x1d12    100%        5
 Dispersal                Tloc           7%         N/A       100%        6
 Summon Cactus Giant      Summ           1%         N/A       100%        6
 Disjunction              Tloc           7%         N/A       100%        8
 Blink                    Tloc           Unusable   N/A       N/A         2

Dungeon Overview and Level Annotations

Branches:
Dungeon (9/15) Zot: 25365  Temple (0/1) D:7            Lair (0/5) D:8
    Orc: D:9-12

Altars:
Cheibriados
Dithmenos
Gozag
Nemelex Xobeh
Ru
Vehumet
Zin
The Shining One


Innate Abilities, Weirdness & Mutations

You cannot be hasted, slowed, berserked, paralysed or teleported.
You can dig through walls and to a lower floor.
You have a pair of large antennae on your head. (SInv)
Your four strong arms can wield two-handed weapons with a shield.
You possess an exceptional clarity of mind.
Your natural rate of healing is unusually fast.


Message History

Aiming: Momentum Strike (safe; 7% risk of failure)
Press: ? - help, Dir - move target, f/p - Harold
Aim: Harold, wielding a +0 mace, wearing a +0 scale mail and quivering 3 throwing nets (moderately wounded, lightly drained, 83% to hit)
The concentrated momentum hits Harold!!
Harold is heavily wounded.
You are unable to move.
Harold hits you with a +0 mace!
* * * LOW HITPOINT WARNING * * *
You feel much better.
Harold points at you and mumbles some strange words.
A sentinel's mark forms upon you. [a] - 250 gold - resistance [b] - 506 gold - brilliance, resistance and invisibility [c] - 638 gold - invisibility, might and resistance Purchase which effect?
You feel clever all of a sudden.
You feel protected.
You fade into invisibility!
Harold closely misses you.
You strike the helpless Harold from behind!
You hit Harold but do no damage.
Harold is heavily wounded.
You slash Harold!
Harold is severely wounded.
Harold drinks a potion.
Harold is healed!
You hit Harold. Lightning courses through Harold!!
Harold is almost dead.
Harold barely misses you.
You slash Harold!
Harold is almost dead.
You are no longer robbed of momentum.
You block Harold's attack.
You hit Harold.
You kill Harold!
Training target 8.0 for Armour reached!
Your Armour skill increases to level 8!
You now have 845 gold pieces (gained 5).
l - 6 throwing nets (gained 3)
There is an open door, spattered with blood here.
Things that are here:
a +0 mace; a +0 scale mail You start resting.
Magic restored.
You start resting.
You start to feel less resistant.
You start resting.
Your resistance to elements expires.
You start resting.
You flicker for a moment.
A two-headed ogre is nearby!
A two-headed ogre is nearby!
There is an open door, spattered with blood here.
Things that are here:
a +0 mace; a +0 scale mail You feel a little less clever now.
You flicker back into view.
You extend your mandibles.
You dig through the rock wall.
You feel drained.
You retract your mandibles.
The sentinel's mark upon you fades away.
There is a stone staircase leading up, spattered with blood here.
You climb upwards.
There is a stone staircase leading down here.
You start waiting.
Done waiting.
There is an open door here.
There is an escape hatch in the floor here.
You slide downwards.
The hatch slams shut behind you.
You're wearing all the rings you can.
Remove which one? (? for menu, Esc to cancel) < or
m - a ring of willpower; > or
o - a ring of poison resistance You remove your ring of willpower.
You fly up into the air.
x - a ring of flight (left hand)
Casting: Momentum Strike (safe; 7% risk of failure)
Confirm with . or Enter, or press ? or * to list all spells.
Aiming: Momentum Strike (safe; 7% risk of failure)
Press: ? - help, Dir - move target, f - two-headed ogre
Aim: a two-headed ogre, wielding two +0 giant clubs (86% to hit)
Okay, then.
The two-headed ogre hits you with a +0 giant club! x2
You start resting.
HP restored.
The two-headed ogre barely misses you.
The two-headed ogre hits you with a +0 giant club!
You hit the two-headed ogre.
Lightning courses through the two-headed ogre!
The two-headed ogre is moderately wounded.
The two-headed ogre closely misses you.
The two-headed ogre hits you with a +0 giant club!
You barely miss the two-headed ogre.
The two-headed ogre is moderately wounded.
You hit the two-headed ogre.
The two-headed ogre is moderately wounded.
The two-headed ogre hits you with a +0 giant club!!
The two-headed ogre hits you with a +0 giant club!
The two-headed ogre attacks as you move away!
The two-headed ogre hits you with a +0 giant club!!
* * * LOW HITPOINT WARNING * * *
The two-headed ogre hits you with a +0 giant club!!
You die...
Your body crumbles into a pile of gold.

....#....#...[.#.......# ........
....#....#.....#.......# ........
.)..#+##.......#.......###+###...
#)###....≈≈≈.................#...
.........≈#≈≈≈≈).............#...
....)>...≈≈≈≈#≈≈≈≈...........#...
........≈≈≈#≈≈≈≈#≈...........#..
........≈#≈≈≈≈#≈≈≈...........# .
...###..≈≈≈≈#≈≈≈@O........<..#...
...##..≈≈≈#≈≈≈≈#≈..#'##......#...
.......≈#≈≈≈≈#≈≈≈.....#......#...
.......≈≈≈≈#≈≈≈≈......#......#...
.........)≈≈≈≈#≈......'......#...
#########)...≈≈≈......#......#...
#...............####......#... {
#......#####...## #......#...
#......# ##### #......#...


You could see a two-headed ogre.

Vanquished Creatures
  Gastronok (D:8)
  Harold (D:9)
  A two-headed ogre (D:9)
  Erica (D:9)
  Pikel (D:9)
  2 trolls
  3 wyverns
  Sigmund (D:3)
  A steam dragon (D:6)
  Grum (D:9)
  2 water moccasins
  An ice beast (D:7)
  2 orc warriors
  2 sky beasts (D:7)
  2 ogres
  4 wolves (D:9)
  2 phantoms (D:5)
  4 lemures (D:9)
  A bullfrog (D:8)
  2 scorpions
  4 wights (D:8)
  21 killer bees
  3 howler monkeys
  A lava snake (D:9)
  A jelly (D:6)
  7 orc priests
  2 hounds
  2 iguanas
  5 orc wizards
  3 gnolls (D:8)
  9 adders
  2 shadow imps
  2 worms
  A dart slug (D:2)
  23 orcs
  4 ball pythons
  5 endoplasms
  3 giant cockroaches
  6 goblins
  6 hobgoblins
  5 kobolds
  2 quokkas (D:2)
  7 bats
  5 frilled lizards (D:1)
  5 rats
169 creatures vanquished.

Notes
Turn   | Place    | Note
-------+----------+-------------------------------------------
     0 | D:1      | Flugkiller the Formicid Reaver began the quest for the Orb.
     0 | D:1      | Reached XP level 1. HP: 16/16 MP: 3/3
    53 | D:1      | Reached XP level 2. HP: 23/23 MP: 5/5
   161 | D:1      | Found a faded altar of an unknown god.
   553 | D:1      | Reached XP level 3. HP: 28/28 MP: 7/7
   874 | D:2      | Reached skill level 3 in Fighting
  1008 | D:2      | Learned a level 2 spell: Momentum Strike
  1501 | D:2      | Reached XP level 4. HP: 35/35 MP: 8/8
  1503 | D:2      | Reached skill level 1 in Translocations
  1729 | D:3      | Found an opulent altar of Gozag.
  1733 | D:3      | Found a glowing silver altar of Zin.
  1735 | D:3      | Found a shadowy altar of Dithmenos.
  1735 | D:3      | Found a glowing golden altar of the Shining One.
  1748 | D:3      | Identified the +0 buckler "Tarch" {rC+ Slay+3}
  1761 | D:3      | Became a worshipper of Gozag Ym Sagoz the Greedy
  1785 | D:3      | Noticed Sigmund
  1797 | D:3      | Killed Sigmund
  1798 | D:3      | Reached XP level 5. HP: 28/41 MP: 9/9
  1798 | D:3      | Reached XP level 6. HP: 33/47 MP: 10/10
  2786 | D:4      | Found a radiant altar of Vehumet.
  2821 | D:4      | Reached XP level 7. HP: 51/52 MP: 11/11
  3251 | D:5      | Entered Level 5 of the Dungeon
  3365 | D:5      | Reached skill level 4 in Fighting
  3365 | D:5      | Reached skill level 5 in Axes
  3475 | D:5      | Found a sacrificial altar of Ru.
  3603 | D:5      | Reached skill level 1 in Armour
  3603 | D:5      | Reached XP level 8. HP: 61/61 MP: 12/12
  4575 | D:6      | Reached skill level 5 in Fighting
  4960 | D:6      | Found a sparkling altar of Nemelex Xobeh.
  5092 | D:6      | Reached skill level 6 in Fighting
  5565 | D:7      | Gained mutation: You have hidden genetic potential. [potion
                  | of mutation]
  5585 | D:7      | Reached XP level 9. HP: 62/69 MP: 12/14
  5951 | D:7      | Found a staircase to the Ecumenical Temple.
  6171 | D:7      | Reached skill level 5 in Armour
  6177 | D:7      | Reached skill level 5 in Conjurations
  6521 | D:8      | Gained mutation: You possess an exceptional clarity of
                  | mind. [hidden potential]
  6717 | D:8      | Noticed Gastronok
  6774 | D:8      | Killed Gastronok
  6775 | D:8      | Reached skill level 7 in Fighting
  6775 | D:8      | Reached XP level 10. HP: 31/79 MP: 16/16
  6946 | D:8      | Identified the +1 robe of Duck's Teeth {rC- rN++}
  7019 | D:8      | Gained mutation: Your natural rate of healing is unusually
                  | fast. [hidden potential]
  7019 | D:8      | Lost mutation: You have hidden genetic potential. [hidden
                  | potential expressed]
  7247 | D:8      | Found a staircase to the Lair.
  7258 | D:8      | Found a snail-covered altar of Cheibriados.
  8032 | D:9      | Reached skill level 8 in Fighting
  8155 | D:9      | Noticed Pikel
  8222 | D:9      | Killed Pikel
  8223 | D:9      | Reached skill level 5 in Evocations
  8292 | D:9      | Reached skill level 1 in Shields
  8298 | D:9      | Noticed a two-headed ogre
  8619 | D:9      | Noticed Erica
  8641 | D:9      | Killed Erica
  8642 | D:9      | Reached skill level 5 in Shields
  8642 | D:9      | Reached XP level 11. HP: 36/86 MP: 13/17
  8890 | D:9      | Killed a two-headed ogre
  8960 | D:9      | Reached skill level 9 in Fighting
  9015 | D:9      | Noticed Grum
  9032 | D:9      | Killed Grum
  9060 | D:9      | Noticed a two-headed ogre
  9123 | D:9      | Noticed Harold
  9141 | D:9      | Killed Harold
  9353 | D:9      | Mangled by a two-headed ogre

Illustrated notes

Levels and vault maps discovered:
D:1:      dpeg_arrival_rooms_with_view, layout_basic,
          shapermc_ecumenical_altar_flowoftime
D:2:      layout_loops_corners
D:3:      layout_basic, grunt_temple_overflow_open, uniq_sigmund
D:4:      layout_loops_ring, mainiacjoe_overflow_concentric_impassable
D:5:      layout_gridville, mainiacjoe_overflow_boulevard
D:6:      layout_cave_pods, mainiacjoe_overflow_24_doors,
          minmay_tree_intersection
D:7:      minmay_evil_eye, layout_basic, minmay_temple_entry_enclosed_plants
D:8:      layout_gridville, cheibriados_altar_1, lair_entry_dummy,
          uniq_gastronok
D:9:      layout_gridville, nicolae_lava_and_water, kennysheep_path_1,
          uniq_pikel, uniq_grum, uniq_harold, uniq_erica

Skill      XL: |  1  2  3  4  5  6  7  8  9 10 11 |
---------------+----------------------------------+-----
Conjurations   | 3 4 6 |  6.0
Fighting       | 3 4 6 7 8 9 |  9.6
Spellcasting   | 3 4 |  4.0
Translocations | 3 4 |  4.0
Axes           | 4 6 8 |  8.0
Armour         | 1 4 6 8 |  8.0
Evocations     | 4 6 |  6.0
Shields        | 5 |  5.0
Dodging        | |  1.7

Action                     |  1- 3 |  4- 6 |  7- 9 | 10-12 || total
---------------------------+-------+-------+-------+-------++-------
  Melee: Hand axe          |    77 |    70 |   176 |   204 ||   527
         Punch             |     1 |       |       |       ||     1
   Cast: Momentum Strike   |       |       |    14 |    14 ||    28
         Kiss of Death     |       |       |       |     1 ||     1
 Invoke: Potion Petition   |       |       |       |     1 ||     1
Ability: Dig               |       |       |       |     1 ||     1
  Evoke: Wand              |       |       |     4 |       ||     4
    Use: Scroll            |       |       |     9 |     4 ||    13
         Potion            |       |       |     4 |     1 ||     5
   Stab: Sleeping          |       |     1 |       |       ||     1
         Distracted        |       |       |     3 |     4 ||     7
         Invisible         |       |       |       |     1 ||     1
 Armour: Leather armour    |    23 |    22 |     9 |       ||    54
         Ring mail         |       |       |    32 |    64 ||    96
  Dodge: Dodged            |    57 |    32 |    94 |   146 ||   329
  Block: Buckler           |       |     4 |    15 |    52 ||    71

Table legend: (Time is in decaauts)
 A = Elapsed time spent in this place.
 B = Non-inter-level travel time spent in this place.
 C = Inter-level travel time spent in this place.
 D = Time resting spent in this place.
 E = Time spent auto-exploring this place.
 F = Levels seen in this place.
 G = Mean time per level.
                   A        B        C        D        E       F      G
               +--------+--------+--------+--------+--------+-----+--------+
         Total |   9374 |   8894 |    480 |   1934 |   5160 |   9 | 1041.6 |
       Dungeon |   9374 |   8894 |    480 |   1934 |   5160 |   9 | 1041.6 |
               +--------+--------+--------+--------+--------+-----+--------+

Top non-repeatable levels by time:
     D:8: 1426 daAuts
     D:9: 1355 daAuts
     D:7: 1336 daAuts
     D:6: 986 daAuts
     D:5: 962 daAuts
     D:2: 892 daAuts
     D:1: 848 daAuts
     D:4: 842 daAuts
     D:3: 723 daAuts
